 Dungeon Crawl Stone Soup version 0.02-100-gc9e1e00884 (webtiles) character file.

Game seed: 3351264788713242456, levelgen mode: deterministic

153 Borgoz the Twirler (level 5, -4/32 HPs) Gargoyle Gladiator. Began on Sept 16, 2020. Slain by a crocodile (7 damage) ... on level 2 of the Dungeon. The game lasted 00:03:15 (1681 turns).

Borgoz the Twirler (Gargoyle Gladiator)             Turns: 1681, Time: 00:03:16

Health: -4/32      AC:  8    Str: 18    XL:     5 ^: 100
Magic:  6/6        EV: 12    Int:  8    God:
Gold:   58         SH:  0    Dex: 12    Spells: 4/4 levels left

rFire    . . .     Vision   .   a - +0 quarterstaff
rCold    . . .     Gourm    .   (also wielding the above weapon)
rNeg     + . .     Faith    .   h - +0 leather armour
rPois    ∞         Spirit   .   c - +0 helmet
rElec    +         Reflect  .   (no cloak)
rCorr    .         Harm     .   (no gloves)
MR       .....                  (no boots)
Stlth    +.........             (no amulet)
HPRegen  0.20/turn              (no ring)
MPRegen  0.16/turn              (no ring)

@: about to teleport
A: negative energy resistance 1, electricity resistance, unbreathing,
petrification resistance, rot immunity, AC +4
a: no special abilities


You were on level 2 of the Dungeon.
You were not hungry.

You visited 1 branch of the dungeon, and saw 2 of its levels.

You collected 58 gold pieces.

Inventory:

Weapons
 a - a +0 quarterstaff (weapon)
 b - a +0 mace
Armour
 c - a +0 helmet (worn)
 h - a +0 leather armour (worn)
Wands
 d - a wand of ensnaring (8)
Scrolls
 i - a scroll of amnesia
 j - a scroll of enchantment
 l - a scroll of teleportation
 m - 2 scrolls of fear
 o - a scroll of fog
Potions
 e - a potion of mutation
 k - a potion of haste
 n - a potion of cancellation
 q - a potion of brilliance
Comestibles
 f - 4 rations


   Skills:
 + Level 3.4 Fighting
 * Level 4.7 Maces & Staves
 + Level 2.3 Armour
 - Level 2.4 Dodging
 - Level 1.7 Evocations


You had 4 spell levels left.
You didn't know any spells.
Your spell library was empty.

Dungeon Overview and Level Annotations

Branches:
Dungeon (2/8)

Altars:


Innate Abilities, Weirdness & Mutations

You are resistant to torment.
Your stone body is resilient. (AC +4)
You are immune to poison.
You resist negative energy. (rN+)
You are resistant to electric shocks. (rElec)
You can survive without breathing.
You are immune to petrification.
You are immune to rotting.


Message History

You hit the crocodile (4).
The crocodile is severely wounded. (8/26) HP The crocodile barely misses you (0).
The cinder newt skeleton bites you but does no damage.
You hit the crocodile (3).
The crocodile is almost dead. (5/26) HP The crocodile bites you (15)!
The jelly barely misses you (0). The cinder newt skeleton bites you (1).
The crocodile bites you but does no damage.
You are too injured to fight recklessly!
You are too injured to fight recklessly!
Unknown command.
As you read the scroll of teleportation, it crumbles to dust.
You feel strangely unstable. The jelly closely misses you (0).
A cinder newt skeleton comes into view.
The crocodile bites you (8)!
* * * LOW HITPOINT WARNING * * *
The cinder newt skeleton closely misses you (0).
The crocodile bites you (7)!
You die...

PP≈≈≈≈≈.# ≈.
#####P≈≈≈b≈≈..##.#######
≈≈≈..PP≈≈≈>≈≈.....≈≈≈≈≈≈
≈≈≈≈<≈≈≈≈≈.≈b≈≈≈≈≈≈≈≈≈Z≈
≈≈≈≈÷≈≈≈≈...≈≈≈≈≈≈≈≈≈≈≈≈
≈≈≈...≈≈P≈≈...≈≈≈≈≈≈≈≈≈≈
≈≈≈.≈≈≈≈≈P≈≈≈..Z†≈≈≈≈≈≈≈
≈≈≈≈≈P≈≈≈≈≈≈≈≈.Jt≈≈≈≈≈≈≈
≈≈≈.≈≈≈≈≈≈≈≈≈≈≈≈@≈≈b≈≈≈≈
≈≈≈..≈..≈≈≈≈≈..≈≈PP...≈≈
#####.≈..≈≈≈≈.#####.≈###
#.≈≈.≈≈≈.## ≈.##
####≈≈≈≈≈≈.≈# #.≈.
##≈##≈≈≈≈≈≈≈.##≈..#
#...#.≈≈≈≈≈≈.....####
..≈.#≈.≈≈≈≈≈.#≈####.##
≈##..≈≈.≈≈≈≈≈#####≈#≈##


You could see a crocodile, a jelly and 2 cinder newt skeletons.

Vanquished Creatures
  A jelly (D:1)
  An adder (D:2)
  A gnoll (D:1)
  2 worms (D:2)
  5 cinder newts
  3 oozes
  2 dart slugs (D:1)
  3 giant cockroaches (D:1)
  7 goblins (D:1)
  3 hobgoblins (D:1)
  3 ball pythons
  8 bats
  2 bat skeletons (D:2)
  7 kobolds (D:1)
  5 rats (D:1)
  4 withered plants (D:2)
57 creatures vanquished.

Vanquished Creatures (others)
  85 withered plants (D:2)
85 creatures vanquished.

Grand Total: 142 creatures vanquished

Notes
Turn   | Place    | Note
-------+----------+-------------------------------------------
     0 | D:1      | Borgoz the Gargoyle Gladiator began the quest for the Orb.
     0 | D:1      | Reached XP level 1. HP: 12/12 MP: 2/2
    32 | D:1      | Reached XP level 2. HP: 18/18 MP: 3/3
   203 | D:1      | Reached skill level 1 in Armour
   251 | D:1      | Reached XP level 3. HP: 6/22 MP: 4/4
   580 | D:1      | Reached skill level 4 in Maces & Staves
   669 | D:1      | Reached XP level 4. HP: 27/27 MP: 5/5
  1270 | D:2      | Reached XP level 5. HP: 21/32 MP: 6/6
  1681 | D:2      | Slain by a crocodile

Levels and vault maps discovered:
D:1:      noname_arrival_rooms_in_the_neighbourhood, layout_loops_corners,
          first_ration
D:2:      layout_sewer, nicolae_gozag_cash_rules_everything_around_me

Skill      XL: |  1  2  3  4 |
---------------+-------------+-----
Armour         | 1 2 |  2.3
Maces & Staves | 4 |  4.7
Fighting       | 3 |  3.4
Dodging        | |  2.4
Evocations     | |  1.7

Action                   |  1- 3 |  4- 6 || total
-------------------------+-------+-------++-------
Melee: Quarterstaff      |    58 |    79 ||   137
Evoke: Wand              |     1 |       ||     1
  Use: Scroll            |       |     1 ||     1
       Potion            |       |     1 ||     1
 Stab: Sleeping          |       |     1 ||     1
  Eat: Chunk             |       |     3 ||     3
Armor: Leather armour    |    19 |    37 ||    56
Dodge: Dodged            |    36 |    76 ||   112
